 Dungeon Crawl Stone Soup version 0.22.1-1-ga44c0e56f4 (webtiles) character file.

10581 LLavrengius the Grappler (level 11, 0/113 HPs)
             Began as a Troll Gladiator on Oct 13, 2018.
             Was a Priest of the Shining One.
             Slain by a skeletal warrior
             ... wielding a +0 hand axe
              (21 damage)
             ... on level 10 of the Dungeon on Oct 14, 2018.
             The game lasted 00:25:00 (7694 turns).

LLavrengius the Grappler (Troll Gladiator)          Turns: 7694, Time: 00:25:01

Health: 0/113      AC:  9    Str: 26    XL:     11   Next: 38%
Magic:  19/19      EV:  7    Int:  5    God:    the Shining One [***...]
Gold:   489        SH: 15    Dex: 11    Spells: 10/10 levels left

rFire    + . .     SeeInvis .   z - +6 war axe of Change {venom, *Noise rElec rF+}
rCold    . . .     Gourm    +   B - +0 large shield
rNeg     + . .     Faith    .   a - +0 robe
rPois    .         Spirit   .   D - +2 hat
rElec    +         Reflect  .   A - +1 cloak
rCorr    .         Harm     .   (gloves unavailable)
MR       .....                  (boots unavailable)
Stlth    +.........             v - amulet of rage
HPRegen  0.68/turn              k - ring of flight
MPRegen  0.16/turn              u - ring of magical power

@: glowing
A: large, unfitting armour, claws 3, fast metabolism 3, gourmand, regeneration
1, shaggy fur 1, tough skin 2
a: Divine Shield, Renounce Religion, Evoke Berserk Rage, Evoke Flight


You were on level 10 of the Dungeon.
You worshipped the Shining One.
The Shining One was most pleased with you.
You were very full.

You visited 1 branch of the dungeon, and saw 10 of its levels.

You collected 489 gold pieces.

Inventory:

Hand Weapons
 z - the +6 war axe of Change (weapon) {venom, *Noise rElec rF+}
   (You found it on level 7 of the Dungeon)

   It poisons the flesh of those it strikes.
   It protects you from fire.
   It insulates you from electricity.
   It may make noises in combat.
 K - a +0 blowgun
Missiles
 b - 8 tomahawks (quivered)
 c - 2 throwing nets
 J - 3 poisoned needles
Armour
 a - a +0 robe (worn)
 A - a +1 cloak (worn)
 B - a +0 large shield (worn)
 D - a +2 hat (worn)
Jewellery
 k - a ring of flight (left claw)
 u - a ring of magical power (right claw)
 v - an amulet of rage (around neck)
Wands
 r - a wand of flame (14)
 x - a wand of polymorph (27)
 y - a wand of iceblast (7)
 F - a wand of digging (8)
Scrolls
 e - 4 scrolls of amnesia {unknown}
 f - 6 scrolls of teleportation {unknown}
 g - 3 scrolls of magic mapping {unknown}
 i - 4 scrolls of remove curse {unknown}
 j - 2 scrolls of enchant weapon {unknown}
 n - 2 scrolls of random uselessness {unknown}
 q - 7 scrolls of identify
 C - a scroll of vulnerability {unknown}
 I - 3 scrolls of immolation {unknown}
Potions
 h - a potion of brilliance {unknown}
 l - 4 potions of curing
 m - a potion of degeneration {unknown}
 o - 2 potions of lignification {unknown}
 p - 2 potions of magic {unknown}
 s - 2 potions of resistance {unknown}
 t - 2 potions of cancellation {unknown}
 w - 2 potions of berserk rage {unknown}
 G - a potion of haste {unknown}
 H - a potion of invisibility
Comestibles
 d - 24 rations


   Skills:
 + Level 8.6 Fighting
 * Level 8.6 Axes
 - Level 1.7 Throwing
 - Level 3.0 Dodging
 + Level 4.0 Shields
 - Level 10.2 Unarmed Combat


You had 10 spell levels left.
You didn't know any spells.
Your spell library contained the following spells:

 Spells                   Type           Power        Failure   Level  Hunger
 Animate Skeleton         Necr           N/A          99%         1    ##.....
 Apportation              Tloc           #.....       99%         1    ##.....
 Confusing Touch          Hex            #.....       99%         1    ##.....
 Freeze                   Ice            #...         99%         1    ##.....
 Magic Dart               Conj           #...         99%         1    ##.....
 Summon Small Mammal      Summ           #...         99%         1    ##.....
 Blink                    Tloc           N/A          100%        2    ###....
 Call Imp                 Summ           #.......     100%        2    ###....
 Slow                     Hex            #.......     100%        2    ###....
 Throw Frost              Conj/Ice       #.....       100%        2    ###....
 Conjure Flame            Conj/Fire      #.......     100%        3    ####...
 Mephitic Cloud           Conj/Pois/Air  #.......     100%        3    ####...
 Ozocubu's Armour         Chrm/Ice       #.......     100%        3    ####...
 Summon Ice Beast         Ice/Summ       #.......     100%        4    #####..
 Throw Icicle             Conj/Ice       #.......     100%        4    #####..


Dungeon Overview and Level Annotations

Branches:
Dungeon (10/15)            Temple (0/1) D:6
   Lair: D:8-11         Orc: D:9-12

Altars:
Ashenzari
Cheibriados
Gozag
Hepliaklqana
Okawaru
Ru
Uskayaw
Vehumet
The Shining One

Shops:
D:4 :


Innate Abilities, Weirdness & Mutations

You are too large for most types of armour.
You have claws for hands.
Your metabolism is lightning-fast.
You like to eat raw meat.
Your natural rate of healing is unusually fast.
You are covered in fur. (AC +1)
You have very tough skin. (AC +2)


Message History

The bullfrog hits you but does no damage. x2
You block the skeletal warrior's attack.
You slash the bullfrog!
The bullfrog is heavily wounded.
You hit the skeletal warrior but do no damage.
The bullfrog hits you.
* * * LOW HITPOINT WARNING * * *
You block the skeletal warrior's attack.
Unknown command.
You closely miss the bullfrog.
The bullfrog is heavily wounded.
You slash the skeletal warrior! You block the bullfrog's attack.
The bullfrog hits you.
* * * LOW HITPOINT WARNING * * *
The skeletal warrior barely misses you.
You slash the bullfrog!
You kill the bullfrog!
You hit the skeletal warrior but do no damage.
The skeletal warrior hits you with a hand axe!!
You die...

#####.# #(## #.# #<##
#(## #.# #... #(##
#.#######..# #.####)).
#......##..# #.....>..
######.##..# #######..
#.##..# #.)
######.##..#### #..
........>)...@.# #..
.....##(##..##z# #..
.... #.##..##r# #.. ...
#.##..##.#############..
..
#.##..##...r......))....
.
#.##..##################
......# ## ####


You could see a skeletal warrior and a quokka.

Vanquished Creatures
  3 two-headed ogres
  An unseen horror (D:10)
  Pikel (D:7)
  An ugly thing (D:10)
  A centaur skeleton (D:10)
  A wyvern (D:9)
  4 hogs (D:7)
  12 yaks
  A human (D:7)
  A hungry ghost (D:10)
  Duvessa (D:7)
  5 ice beasts
  A sky beast (D:8)
  4 slaves (D:7)
  3 orc warriors (D:10)
  2 black bears
  A necrophage (D:9)
  4 centaurs
  5 ogres
  2 phantoms (D:10)
  A big kobold (D:10)
  A crocodile (D:10)
  6 bullfrogs
  A wyvern zombie (D:10)
  Dowan (D:7)
  2 scorpions
  A wyvern skeleton (D:8)
  4 killer bees (D:8)
  A howler monkey (D:6)
  A lava snake (D:7)
  A bullfrog zombie (D:10)
  5 crimson imps
  4 hounds
  A quasit (D:7)
  2 jellies
  5 orc wizards
  2 orc priests
  Crazy Yiuf (D:5)
  A bullfrog skeleton (D:7)
  2 iguanas
  9 worker ants
  A hound zombie (D:7)
  3 hound skeletons
  2 worker ant zombies
  8 adders
  8 gnolls
  A howler monkey skeleton (D:10)
  An adder skeleton (D:4)
  An adder zombie (D:10)
  8 worms
  9 dart slugs
  3 leopard geckos
  25 orcs
  A ball python (D:4)
  A bat (D:1)
  5 giant cockroaches
  4 goblins
  7 hobgoblins
  6 jackals
  10 kobolds
  2 quokkas
  5 frilled lizards
  A giant cockroach zombie (D:6)
  A jackal skeleton (D:6)
  3 quokka skeletons
  7 rats
  A fungus (D:5)
230 creatures vanquished.

Notes
Turn   | Place    | Note
-------+----------+-------------------------------------------
     0 | D:1      | LLavrengius the Troll Gladiator began the quest for the
                  | Orb.
     0 | D:1      | Reached XP level 1. HP: 19/19 MP: 0/0
   219 | D:1      | Reached XP level 2. HP: 28/28 MP: 1/1
   531 | D:2      | Reached XP level 3. HP: 32/35 MP: 2/2
   751 | D:2      | Found an iron altar of Okawaru.
   819 | D:2      | Found a snail-covered altar of Cheibriados.
   828 | D:2      | Reached skill level 4 in Unarmed Combat
   964 | D:2      | Found a sacrificial altar of Ru.
  1103 | D:2      | Reached XP level 4. HP: 40/42 MP: 3/3
  1112 | D:2      | Found an opulent altar of Gozag.
  1695 | D:3      | Reached XP level 5. HP: 41/50 MP: 4/4
  1704 | D:3      | Reached skill level 5 in Unarmed Combat
  1985 | D:4      | Reached XP level 6. HP: 37/61 MP: 5/5
  2417 | D:4      | Found Wucaoseo's Book Shop.
  2559 | D:4      | Reached skill level 6 in Unarmed Combat
  2701 | D:5      | Entered Level 5 of the Dungeon
  2711 | D:5      | Reached XP level 7. HP: 38/68 MP: 6/6
  2899 | D:5      | Reached skill level 7 in Unarmed Combat
  2969 | D:5      | Found a hide-covered altar of Uskayaw.
  2975 | D:5      | Found a glowing golden altar of the Shining One.
  2980 | D:5      | Found a shattered altar of Ashenzari.
  2986 | D:5      | Became a worshipper of the Shining One
  3510 | D:5      | Found a runed door.
  3514 | D:5      | Noticed Crazy Yiuf
  3518 | D:5      | Killed Crazy Yiuf
  3658 | D:6      | Reached skill level 8 in Unarmed Combat
  3687 | D:6      | Reached XP level 8. HP: 79/79 MP: 7/7
  3712 | D:6      | Found a sacrificial altar of Ru.
  3791 | D:6      | Found a staircase to the Ecumenical Temple.
  4056 | D:7      | Noticed Pikel
  4058 | D:7      | Reached skill level 5 in Fighting
  4087 | D:7      | Killed Pikel
  4087 | D:7      | Reached skill level 9 in Unarmed Combat
  4189 | D:7      | Reached * piety under the Shining One
  4290 | D:7      | Noticed Duvessa
  4290 | D:7      | Noticed Dowan
  4293 | D:7      | Killed Duvessa
  4299 | D:7      | Killed Dowan
  4299 | D:7      | Reached XP level 9. HP: 82/89 MP: 8/8
  4302 | D:7      | Reached skill level 10 in Unarmed Combat
  4550 | D:7      | Found a hazy altar of Hepliaklqana.
  4611 | D:7      | Identified the +6 war axe of Change {venom, *Noise rElec
                  | rF+} (You found it on level 7 of the Dungeon)
  4699 | D:7      | Found a radiant altar of Vehumet.
  4994 | D:7      | Reached skill level 1 in Axes
  5524 | D:8      | HP: 4/92 [bullfrog (4)]
  5658 | D:8      | Reached skill level 5 in Axes
  5661 | D:7      | Reached XP level 10. HP: 38/102 MP: 9/9
  6397 | D:9      | Noticed a two-headed ogre
  6397 | D:9      | Reached ** piety under the Shining One
  6414 | D:9      | Killed a two-headed ogre
  6414 | D:9      | Reached skill level 1 in Shields
  7254 | D:10     | Entered Level 10 of the Dungeon
  7334 | D:10     | Noticed a two-headed ogre
  7341 | D:10     | Killed a two-headed ogre
  7341 | D:10     | Reached XP level 11. HP: 61/111 MP: 10/10
  7407 | D:10     | Noticed an unseen horror
  7434 | D:10     | Killed an unseen horror
  7564 | D:10     | Noticed a two-headed ogre
  7566 | D:10     | Noticed a red ugly thing
  7566 | D:10     | Reached *** piety under the Shining One
  7571 | D:10     | Killed a two-headed ogre
  7586 | D:10     | Killed a red ugly thing
  7643 | D:10     | Noticed a skeletal warrior
  7694 | D:10     | Slain by a skeletal warrior

Skill      XL: |  1  2  3  4  5  6  7  8  9 10 11 |
---------------+----------------------------------+-----
Fighting       | 2 3 4 5 7 8 |  8.6
Unarmed Combat | 4 5 6 8 9 10 | 10.2
Dodging        | 3 |  3.0
Axes           | 5 7 8 |  8.6
Shields        | 3 4 |  4.0
Throwing       | |  1.7

Action                   |  1- 3 |  4- 6 |  7- 9 | 10-12 || total
-------------------------+-------+-------+-------+-------++-------
Melee: Unarmed           |    80 |   127 |   171 |       ||   378
       Punch             |       |     4 |     9 |       ||    13
       War axe           |       |       |    47 |   215 ||   262
Throw: Tomahawk          |       |       |       |     3 ||     3
       Throwing net      |       |       |       |     1 ||     1
  Use: Scroll            |       |       |     1 |       ||     1
       Potion            |       |       |     1 |       ||     1
  Eat: Chunk             |    16 |    14 |    23 |    32 ||    85
Armor: Robe              |    24 |    26 |    64 |    56 ||   170
Dodge: Dodged            |    30 |    50 |   109 |    65 ||   254
Block: Large shield      |       |       |       |   123 ||   123
